 Dungeon Crawl Stone Soup version 0.22.1-2-g9c5b331 (webtiles) character file.

32 torvon the Digger (level 3, 0/19 HPs)
             Began as a Gargoyle Earth Elementalist on Dec 19, 2018.
             Slain by a gnoll
             ... wielding a +0 spear
              (1 damage)
             ... on level 2 of the Dungeon on Dec 25, 2018.
             The game lasted 00:09:54 (1365 turns).

torvon the Digger (Gargoyle Earth Elementalist)     Turns: 1365, Time: 00:09:54

Health: 0/19       AC:  8    Str: 11    XL:     3   Next: 27%
Magic:  6/6        EV: 10    Int: 16    God:
Gold:   33         SH:  0    Dex: 10    Spells: 5/6 levels left

rFire    . . .     SeeInvis .   g - +2 whip (venom)
rCold    . . .     Gourm    .   (no shield)
rNeg     + . .     Faith    .   e - +0 ring mail
rPois    ∞         Spirit   .   (no helmet)
rElec    +         Reflect  .   (no cloak)
rCorr    .         Harm     .   (no gloves)
MR       .....                  (no boots)
Stlth    +.........             (no amulet)
HPRegen  0.06/turn              (no ring)
MPRegen  0.10/turn              (no ring)

@: no status effects
A: negative energy resistance 1, electricity resistance, unbreathing,
petrification resistance, rot immunity, AC +3
a: no special abilities


You were on level 2 of the Dungeon.
You were not hungry.

You visited 1 branch of the dungeon, and saw 2 of its levels.

You collected 33 gold pieces.

Inventory:

Hand Weapons
 a - a +0 hunting sling
 g - a +2 whip of venom (weapon)
 i - a +0 short sword
 j - a +0 short sword
 o - a +0 dagger
 q - a +0 mace
 t - a +0 club
 u - a +0 hand axe
 v - a +0 falchion
Missiles
 b - 95 stones (quivered)
 s - 17 poisoned needles
Armour
 c - a +0 robe
 e - a +0 ring mail (worn)
 p - a +0 leather armour
Scrolls
 f - a scroll of remove curse {unknown}
 h - 7 scrolls of identify {unknown}
 l - a scroll of enchant weapon {unknown}
Potions
 k - 2 potions of haste {unknown}
 m - a potion of degeneration {unknown}
 n - a potion of heal wounds {unknown}
 r - a potion of flight {unknown}
Comestibles
 d - 5 rations


   Skills:
 + Level 0.8 Maces & Flails
 + Level 1.7 Dodging
 + Level 2.5 Stealth
 + Level 2.3 Spellcasting
   Level 0.7 Transmutations
 + Level 4.2 Earth Magic


You had 5 spell levels left.
You knew the following spells:

 Your Spells              Type           Power        Failure   Level  Hunger
a - Sandblast             Erth           ###...       9%          1    #......

Your spell library contained the following spells:

 Spells                   Type           Power        Failure   Level  Hunger
 Passwall                 Tmut/Erth      #.......     26%         2    ###....
 Stone Arrow              Conj/Erth      #.....       52%         3    ###....
 Petrify                  Tmut/Erth      #.......     86%         4    #####..
 Lee's Rapid Deconstruct  Erth           ###.......   93%         5    ######.


Dungeon Overview and Level Annotations

Branches:
Dungeon (2/15)

Altars:


Innate Abilities, Weirdness & Mutations

You are resistant to torment.
Your stone body is resilient. (AC +3)
You are immune to poison.
You resist negative energy. (rN+)
You are resistant to electric shocks. (rElec)
You can survive without breathing.
You are immune to petrification.
You are immune to rotting.


Message History

You closely miss the gnoll.
The gnoll is moderately wounded.
The gnoll closely misses you. x2
You barely miss the gnoll.
The gnoll is moderately wounded.
The gnoll barely misses you. x3
You completely miss the gnoll.
The gnoll is moderately wounded.
The gnoll barely misses you. The gnoll closely misses you. x2
You barely miss the gnoll.
The gnoll is moderately wounded.
The gnoll misses you. The gnoll barely misses you.
The gnoll hits you with a club.
* * * LOW HITPOINT WARNING * * *
You barely miss the gnoll.
The gnoll is moderately wounded.
The gnoll hits you with a whip.
* * * LOW HITPOINT WARNING * * *
The gnoll hits you with a spear.
You die...

#.## ##### #.. ...##
##############.######.##
........................
#..<..#.# #.............
........###.#...#..#..#.
#.......................
........................
######g@........#..#....
#.gg.......#.......
#....................
###.####............. #.
#.....#..#.... .$
............... ##.
####....#.####.. #.
#........ #.. ##...#.#.
#..


You could see 3 gnolls.

Vanquished Creatures
  A gnoll (D:2)
  A worm (D:2)
  A dart slug (D:1)
  An orc (D:2)
  3 bats
  A giant cockroach (D:2)
  3 hobgoblins (D:1)
  A frilled lizard (D:2)
  5 kobolds
17 creatures vanquished.

Notes
Turn   | Place    | Note
-------+----------+-------------------------------------------
     0 | D:1      | torvon the Gargoyle Earth Elementalist began the quest for
                  | the Orb.
     0 | D:1      | Reached XP level 1. HP: 10/10 MP: 3/3
   395 | D:1      | Reached XP level 2. HP: 10/15 MP: 5/5
   427 | D:1      | Reached skill level 4 in Earth Magic
  1322 | D:2      | Reached XP level 3. HP: 19/19 MP: 6/6
  1365 | D:2      | Slain by a gnoll

Skill      XL: |  1  2 |
---------------+-------+-----
Earth Magic    | 4 |  4.2
Maces & Flails | |  0.8
Dodging        | |  1.7
Stealth        | |  2.5
Spellcasting   | |  2.3
Transmutations | |  0.7

Action                   || total
-------------------------++-------
Melee: Whip              ||    43
Throw: Stone             ||     2
 Stab: Sleeping          ||     1
  Eat: Ration            ||     1
Armor: Robe              ||     8
       Ring mail         ||     9
Dodge: Dodged            ||    34
